 Dungeon Crawl Stone Soup version 0.28-a0-595-g9f6c0e134a (webtiles) character file.

Game seed: 8329323706908514441

2065 porpoise the Thaumaturge (level 9, -5/49 HPs)
             Began as a Deep Elf Conjurer on Oct 5, 2021.
             Slain by a killer bee (9 damage)
             ... on level 7 of the Dungeon.
             The game lasted 00:19:07 (8874 turns).

porpoise the Thaumaturge (Deep Elf Conjurer)        Turns: 8874, Time: 00:19:08

Health: -5/49      AC:  3    Str:  5    XL:     9   Next: 5%
Magic:  24/24      EV: 12    Int: 26    God:
Gold:   297        SH:  0    Dex: 13    Spells: 15/26 levels left

rFire   . . .      SeeInvis .   b - +0 hunting sling
rCold   . . .      Faith    .   (no shield)
rNeg    . . .      Spirit   .   c - +0 robe
rPois   .          Reflect  .   (no helmet)
rElec   .          Harm     .   B - +0 cloak
rCorr   .          Rampage  .   (no gloves)
Will    .....                   (no boots)
Stlth   ++........              (no amulet)
HPRegen 0.16/turn               (no ring)
MPRegen 0.19/turn               (no ring)

@: lethally poisoned (-5 -> -27), marked
A: no striking features
a: no special abilities


You were on level 7 of the Dungeon.
You visited 1 branch of the dungeon, and saw 7 of its levels.

You collected 297 gold pieces.

Inventory:

Hand Weapons
 a - a +0 short sword
 b - a +0 hunting sling (weapon)
Missiles
 g - 57 sling bullets
 i - 238 stones (quivered ammo)
 j - 16 poisoned darts
 m - 5 atropa-tipped darts
Armour
 c - a +0 robe (worn)
 t - a +0 buckler
 B - a +0 cloak (worn)
Magical Staves
 x - a staff of fire
 H - a staff of death
Jewellery
 E - a ring of ice
Wands
 o - a wand of iceblast (15)
 p - a wand of paralysis (9)
 s - a wand of acid (14)
 w - a wand of polymorph (16)
 F - a wand of flame (22)
Scrolls
 n - 2 scrolls of teleportation {unknown}
 q - 2 scrolls of fog {unknown}
 r - a scroll of blinking {unknown}
 u - a scroll of vulnerability {unknown}
 y - 2 scrolls of identify
 A - a scroll of fear {unknown}
 D - a scroll of magic mapping {unknown}
 G - a scroll of enchant armour {unknown}
Potions
 d - a potion of invisibility
 e - a potion of mutation
 f - 3 potions of berserk rage
 h - a potion of might
 k - 3 potions of haste
 l - a potion of curing
 v - 2 potions of lignification
 z - a potion of brilliance
 C - a potion of attraction


   Skills:
 + Level 2.8 Fighting
 - Level 2.4 Dodging
 - Level 2.4 Stealth
 - Level 9.0 Spellcasting
 - Level 7.0 Conjurations
 - Level 7.0 Hexes
 + Level 5.9 Translocations


You had 15 spell levels left.
You knew the following spells:

 Your Spells              Type           Power      Damage    Failure   Level
a - Magic Dart            Conj           100%       1d8       1%          1
b - Searing Ray           Conj           96%        2d7       1%          2
c - Fulminant Prism       Conj/Hex       24%        3d13      2%          4
d - Iskenderun's Mystic   Conj/Tloc      45%        2d10      3%          4

Your spell library contained the following spells:

 Spells                   Type           Power      Damage    Failure   Level
 Dazzling Flash           Conj/Hex       96%        N/A       1%          3
 Conjure Flame            Conj/Fire      29%        6-21      3%          3
 Sticky Flame             Conj/Fire      29%        2d5       12%         4
 Ignite Poison            Fire/Tmut/Pois 11%        N/A       16%         3


Dungeon Overview and Level Annotations

Branches:
Dungeon (7/15)
 Temple: D:4-7

Altars:
Ashenzari
Dithmenos
Ru
Wu Jian
Xom

Shops:
D:1 =   D:2 [

Annotations:
D:7 Harold, Prince Ribbit


Message History

Level annotation: Harold Prince Ribbit comes into view.
There is a stone staircase leading up, spattered with blood here.
You climb upwards.
There is a stone staircase leading down here.
You see here a +0 flail.
You see here a +0 flail.
There is a stone staircase leading down here.
You climb downwards.
Level annotation: Harold, Prince Ribbit The killer bee closely misses you.
The water moccasin closely misses you. Prince Ribbit hits you!
Harold gestures at you while chanting. A sentinel's mark forms upon you.
The gnoll misses you. The killer bee misses you.
The water moccasin closely misses you.
Harold throws a throwing net.
The throwing net hits you.
You become entangled in the net!
A lemure comes into view.
Prince Ribbit hits you. The gnoll barely misses you.
The killer bee stings you but does no damage.
There is a stone staircase leading up, spattered with blood here.
You see here a throwing net.
You tear a large gash into the net.
The killer bee closely misses you.
The water moccasin bites you but does no damage.
Prince Ribbit blinks!
The gnoll barely misses you. The killer bee closely misses you.
You struggle against the net.
The killer bee stings you. The water moccasin bites you.
You are poisoned.
The water moccasin poisons you! Harold barely misses you.
The killer bee stings you. The gnoll hits you but does no damage.
The water moccasin bites you.
* * * LOW HITPOINT WARNING * * *
You are lethally poisoned!
The water moccasin poisons you!
You shred the net and break free!
* * * LOW HITPOINT WARNING * * *
You feel very sick. The killer bee stings you!
You die...

...... .....
##...# ....#
.... #o.
#S##.###
#@g.5..#
......@.y......
###.#.#..###.##
#.#... # #.###
###


You could see Harold, an orc warrior, a water moccasin, a lemure, a killer bee
and a gnoll.

Vanquished Creatures
  A water moccasin (D:6)
  3 sky beasts (D:6)
  A black bear (D:5)
  A centaur (D:5)
  4 ogres
  4 phantoms
  A scorpion (D:4)
  3 wights (D:6)
  3 howler monkeys (D:7)
  A bullfrog zombie (D:5)
  A centaur zombie (D:6)
  2 hounds
  A bullfrog skeleton (D:5)
  A jelly (D:6)
  Crazy Yiuf (D:5)
  A centaur skeleton (D:6)
  Ijyb (D:5)
  3 iguanas
  An orc wizard (D:6)
  5 gnolls
  7 adders
  2 shadow imps
  2 white imps
  2 dart slugs (D:1)
  10 orcs
  5 bats
  7 endoplasms
  6 giant cockroaches
  9 goblins
  8 hobgoblins
  3 jackals
  3 quokkas
  8 ball pythons
  3 frilled lizards
  5 kobolds
  6 rats
125 creatures vanquished.

Vanquished Creatures (others)
  2 fulminant prisms (D:5)
2 creatures vanquished.

Grand Total: 127 creatures vanquished

Notes
Turn   | Place    | Note
-------+----------+-------------------------------------------
     0 | D:1      | porpoise the Deep Elf Conjurer began the quest for the Orb.
     0 | D:1      | Reached XP level 1. HP: 10/10 MP: 6/6
   155 | D:1      | Reached XP level 2. HP: 15/15 MP: 3/8
   201 | D:1      | Learned a level 2 spell: Searing Ray
   392 | D:1      | Found Kefobrerch's Jewellery Shoppe.
   740 | D:1      | Reached skill level 4 in Spellcasting
   816 | D:1      | Reached skill level 5 in Conjurations
   816 | D:1      | Reached XP level 3. HP: 19/19 MP: 7/10
  1231 | D:2      | Found a shimmering altar of Xom.
  1478 | D:2      | Found a faded altar of an unknown god.
  1710 | D:2      | Found Dumuul's Armour Boutique.
  2558 | D:3      | Reached XP level 4. HP: 23/24 MP: 7/12
  2599 | D:3      | Learned a level 4 spell: Fulminant Prism
  2604 | D:3      | Learned a level 4 spell: Iskenderun's Mystic Blast
  3125 | D:3      | Reached skill level 5 in Spellcasting
  3125 | D:3      | Reached skill level 1 in Hexes
  3620 | D:4      | Noticed a phantom
  3627 | D:4      | Killed a phantom
  3628 | D:4      | Reached XP level 5. HP: 16/28 MP: 4/15
  3831 | D:4      | Reached skill level 6 in Spellcasting
  3871 | D:4      | Reached XP level 6. HP: 14/32 MP: 11/17
  4353 | D:4      | Found an ornate altar of the Wu Jian Council.
  5105 | D:4      | Reached skill level 7 in Spellcasting
  5181 | D:5      | Entered Level 5 of the Dungeon
  5207 | D:5      | Reached skill level 5 in Hexes
  5207 | D:5      | Reached skill level 1 in Translocations
  5371 | D:5      | Reached XP level 7. HP: 17/36 MP: 11/19
  5768 | D:5      | HP: 1/36 [centaur/arrow (8)]
  6178 | D:5      | Noticed Ijyb
  6187 | D:5      | Killed Ijyb
  6465 | D:5      | Reached skill level 5 in Translocations
  6584 | D:5      | Found a runed translucent door.
  6585 | D:5      | Noticed Crazy Yiuf
  6590 | D:5      | Killed Crazy Yiuf
  6591 | D:5      | Reached XP level 8. HP: 41/41 MP: 13/20
  7121 | D:6      | Reached skill level 8 in Spellcasting
  7627 | D:6      | Reached skill level 1 in Fighting
  7627 | D:6      | Reached skill level 9 in Spellcasting
  7808 | D:6      | Found a shadowy altar of Dithmenos.
  7813 | D:6      | Found a broken altar of Ashenzari.
  7815 | D:6      | Found a sacrificial altar of Ru.
  8766 | D:7      | Reached XP level 9. HP: 49/49 MP: 20/24
  8770 | D:7      | Noticed Harold
  8859 | D:7      | Noticed Prince Ribbit
  8874 | D:7      | Slain by a killer bee

Illustrated notes

Levels and vault maps discovered:
D:1:      giann_bridges, layout_basic, serial_shops, nicolae_shop_stone
D:2:      layout_basic, basic_altar, dreamdust_ecumenical_altar_statues,
          serial_shops, nicolae_shop_crystal
D:3:      kennysheep_six_static_rooms, layout_basic
D:4:      layout_loops_ring, mainiacjoe_overflow_cross_hatched,
          minmay_three_crescents
D:5:      layout_loops_ring, uniq_ijyb, uniq_crazy_yiuf_cottage
D:6:      minmay_diamond_boxcup, layout_loops_ring,
          gammafunk_temple_overflow_forgotten
D:7:      minmay_thinvault, layout_basic, mainiacjoe_overflow_paths,
          amethyst_overflow_temple_binary, grunt_temple_overflow_cloverleaf,
          temple_pool_b, minmay_fractal_squares_gapless_5, uniq_prince_ribbit1,
          uniq_pikel, uniq_harold

Skill      XL: |  1  2  3  4  5  6  7  8 |
---------------+-------------------------+-----
Spellcasting   | 4 5 6 7 9 |  9.0
Conjurations   | 5 7 |  7.0
Hexes          | 3 5 7 |  7.0
Translocations | 2 5 |  5.9
Fighting       | 2 |  2.8
Dodging        | |  2.4
Stealth        | |  2.4

Action                   |  1- 3 |  4- 6 |  7- 9 || total
-------------------------+-------+-------+-------++-------
 Fire: Hunting sling     |     1 |    19 |    23 ||    43
 Cast: Magic Dart        |    60 |    10 |       ||    70
       Searing Ray       |    11 |    26 |    44 ||    81
       Fulminant Prism   |       |       |     2 ||     2
       Iskenderun's Myst |       |       |     3 ||     3
  Use: Scroll            |       |     8 |     2 ||    10
       Potion            |       |       |     1 ||     1
Armor: Robe              |       |     1 |    11 ||    12
Dodge: Dodged            |     4 |     6 |    34 ||    44

Table legend: (Time is in decaauts)
 A = Elapsed time spent in this place.
 B = Non-inter-level travel time spent in this place.
 C = Inter-level travel time spent in this place.
 D = Time resting spent in this place.
 E = Time spent auto-exploring this place.
 F = Levels seen in this place.
 G = Mean time per level.
                   A        B        C        D        E       F      G
               +--------+--------+--------+--------+--------+-----+--------+
         Total |   8882 |   8777 |    105 |   4267 |   3189 |   7 | 1268.9 |
       Dungeon |   8882 |   8777 |    105 |   4267 |   3189 |   7 | 1268.9 |
               +--------+--------+--------+--------+--------+-----+--------+

Top non-repeatable levels by time:
     D:6: 1911 daAuts
     D:5: 1769 daAuts
     D:4: 1635 daAuts
     D:2: 1326 daAuts
     D:3: 1244 daAuts
     D:1: 976 daAuts
     D:7: 19 daAuts
